 Dungeon Crawl Stone Soup version bcrawl-1.21.2-20-g6d45ba5942 (webtiles) character file.

Game seed: 18157358793520182

12310 MisterOstroum the Spear-Bearer (level 11, -8/72 HPs)
             Began as a Skeleton Archaeologist on Feb 26, 2020.
             Was an Initiate of Gozag.
             Mangled by a seven-headed hydra (9 damage)
             ... on level 1 of the Lair of Beasts.
             The game lasted 00:18:50 (12033 turns).

MisterOstroum the Spear-Bearer (SkAc)              Turns: 12033, Time: 00:18:51

Health: -8/72      AC: 15    Str: 18    XL:     11   Next: 60%
Magic:  0/23       EV: 10    Int: 16    God:    Gozag
Gold:   1313       SH: 16    Dex: 10    Spells: 10/10 levels left

rFire    + + .     SeeInvis .   a - +6 trident "Maga" {pierce, rPois rN+}
rCold    . . .     Gourm    .   x - +0 large shield
rNeg     + + +     Faith    .   K - +1 scale mail "Koareicw" {rF+}
rPois    ∞         Spirit   +   I - +2 helmet
rElec    .         Reflect  .   (no cloak)
rCorr    .         Harm     .   m - +0 pair of gloves
MR       +....                  d - +1 pair of boots
Stlth    ++........             (no amulet)
HPRegen  0.22/turn              w - ring of magical power
MPRegen  0.18/turn              r - ring "Reakk" {Fire *Drain rPois Int+3 Slay+2}

@: no status effects
A: no food or potions, cold resistance 1, deterioration 1, negative energy
resistance 3, powered by death 1, torment resistance, unbreathing, magic shield,
sturdy frame 2, spell healing
a: Potion Petition, Call Merchant, Bribe Branch, Renounce Religion


You were on level 1 of the Lair of Beasts.
You worshipped Gozag.
Gozag was most pleased with you.
You were not hungry.

You visited 2 branches of the dungeon, and saw 11 of its levels.

You collected 2384 gold pieces.
You paid 1071 gold pieces to Gozag.

Inventory:

Hand Weapons
 a - the +6 trident "Maga" (weapon) {pierce, rPois rN+}
   (You found it on level 4 of the Dungeon)

   It inflicts extra damage upon your enemies.
   It protects you from poison.
   It protects you from negative energy.
 b - a +0 hunting sling
Missiles
 c - 97 javelins
 g - 1456 stones (quivered)
 h - 1026 bolts
 k - 2747 arrows
 n - 756 sling bullets
 v - 79 tomahawks
 E - 88 poisoned tomahawks
 N - 2 throwing nets {!f!f}
Armour
 d - a +1 pair of boots (worn)
 m - a +0 pair of gloves (worn)
 x - a +0 large shield (worn)
 I - a +2 helmet (worn)
 K - the +1 scale mail "Koareicw" (worn) {rF+}
   (You took it off an orc on level 6 of the Dungeon)

   It protects you from fire.
Jewellery
 r - the ring "Reakk" (right hand) {Fire *Drain rPois Int+3 Slay+2}
   (You found it on level 7 of the Dungeon)

   [ring of fire]

   It enhances your fire magic.
   It affects your intelligence (+3).
   It affects your accuracy and damage with ranged weapons and melee attacks
   (+2).
   It protects you from fire.
   It makes you vulnerable to cold.
   It protects you from poison.
   It causes draining when unequipped.
 s - an uncursed ring of see invisible
 u - a +4 ring of strength
 w - a ring of magical power (left hand)
 y - a +3 ring of evasion
 C - an uncursed ring of protection from cold
 D - an uncursed ring of flight
 H - an uncursed amulet of magic regeneration {unknown}
Wands
 i - a wand of iceblast (7)
 q - a wand of random effects (7)
 G - a wand of polymorph (10)
Scrolls
 e - 5 scrolls of magic mapping {@r5 !r}
 f - a scroll of acquirement
 j - 10 scrolls of remove curse {@r2}
 l - 2 scrolls of blinking
 o - 2 scrolls of enchant armour
 p - 5 scrolls of fog {!r}
 t - 3 scrolls of teleportation {@r3 !r}
 A - 4 scrolls of noise
 B - 3 scrolls of identify {@r1}
 F - 2 scrolls of amnesia
 J - 2 scrolls of immolation
 L - 2 scrolls of enchant weapon
 M - a scroll of silence


   Skills:
 * Level 10.0 Fighting
   Level 3.5 Short Blades
   Level 2.0 Maces & Flails
 * Level 10.0 Polearms
 + Level 6.0 Armour
 + Level 6.0 Dodging
 - Level 5.0 Stealth
 + Level 10.0 Shields
 - Level 5.0 Evocations


You had 10 spell levels left.
You didn't know any spells.
Your spell library contained the following spells:

 Spells                   Type           Power        Failure   Level  Hunger
 Corona                   Hex            #......      95%         1    N/A
 Magic Dart               Conj           #...         95%         1    N/A
 Blink                    Tloc           N/A          98%         2    N/A
 Call Imp                 Summ           #.....       98%         2    N/A
 Ensorcelled Hibernation  Hex/Ice        #.....       98%         2    N/A
 Confuse                  Hex            #.......     100%        3    N/A
 Conjure Flame            Conj/Fire      #.......     100%        3    N/A
 Dazzling Spray           Conj/Hex       #.....       100%        3    N/A
 Mephitic Cloud           Conj/Pois/Air  #.......     100%        3    N/A
 Tukima's Dance           Hex            #.......     100%        3    N/A
 Spider Form              Tmut/Pois      Unusable     N/A         3    N/A

Dungeon Overview and Level Annotations

Branches:
Dungeon (10/12)            Temple (0/1) D:7            Lair (1/6) D:8
    Orc: D:8-11

Altars:
Cheibriados
Gozag
Hepliaklqana
Makhleb
Okawaru
Trog
Uskayaw
Yredelemnul
The Shining One

Shops:
D:5 [

Annotations:
D:2 exclusion: 2 doors
D:6 2 transporters, HoboStank's ghost, novice OgEE


Innate Abilities, Weirdness & Mutations

You do not eat or drink.
You are immune to poison.
Your flesh is cold resistant. (rC+)
Your body sometimes deteriorates upon taking damage.
You are immune to negative energy. (rN+++)
You regenerate a little health from kills.
You are immune to unholy pain and torment.
You can survive without breathing.
When hurt, damage is shared between your health and your magic reserves.
Your movements are less encumbered by armour. (ER -4)
Casting spells heals you.


Message History

Magic restored.
You now have 1265 gold pieces (gained 17).
You see here a +0 buckler.
You now have 1274 gold pieces (gained 9).
You now have 1290 gold pieces (gained 16).
You see here a +0 buckler.
You now have 1296 gold pieces (gained 6).
You now have 1313 gold pieces (gained 17).
Found a leather armour.
A seven-headed hydra comes into view.
No target in view!
No target in view!
No target in view!
No target in view!
The seven-headed hydra roars!
The seven-headed hydra is too close now for your liking.
You puncture the seven-headed hydra!
The seven-headed hydra is lightly wounded.
The seven-headed hydra bites you.
You block the seven-headed hydra's attack. x2
The seven-headed hydra closely misses you.
The seven-headed hydra bites you. x2
The seven-headed hydra bites you but does no damage.
You hit the seven-headed hydra.
The seven-headed hydra is moderately wounded.
The seven-headed hydra bites you! The seven-headed hydra bites you.
The seven-headed hydra bites you!
You block the seven-headed hydra's attack. x2
The seven-headed hydra bites you.
The seven-headed hydra barely misses you.
You are too injured to fight recklessly!
You are too injured to fight recklessly!
You are too injured to fight recklessly!
You are too injured to fight recklessly!
You are too injured to fight recklessly!
You are too injured to fight recklessly!
You are too injured to fight recklessly!
You are too injured to fight recklessly!
You are too injured to fight recklessly!
You are too injured to fight recklessly!
You block the seven-headed hydra's attack. x2
The seven-headed hydra bites you but does no damage. x2
You block the seven-headed hydra's attack.
The seven-headed hydra barely misses you.
The seven-headed hydra bites you but does no damage.
You are too injured to fight recklessly!
You block the seven-headed hydra's attack. x2
The seven-headed hydra bites you but does no damage.
The seven-headed hydra bites you! The seven-headed hydra bites you.
The seven-headed hydra closely misses you.
You block the seven-headed hydra's attack.
You puncture the seven-headed hydra!
The seven-headed hydra is heavily wounded.
You block the seven-headed hydra's attack.
The seven-headed hydra bites you but does no damage.
The seven-headed hydra bites you.
The seven-headed hydra barely misses you.
You block the seven-headed hydra's attack.
The seven-headed hydra bites you.
The seven-headed hydra barely misses you.
You puncture the seven-headed hydra!
The seven-headed hydra is severely wounded.
The seven-headed hydra bites you!
* * * LOW HITPOINT WARNING * * *
You block the seven-headed hydra's attack. x2
The seven-headed hydra bites you but does no damage. x2
You block the seven-headed hydra's attack.
The seven-headed hydra bites you.
* * * LOW HITPOINT WARNING * * *
You puncture the seven-headed hydra!
The seven-headed hydra is severely wounded.
You block the seven-headed hydra's attack. x2
The seven-headed hydra bites you.
* * * LOW HITPOINT WARNING * * *
The seven-headed hydra bites you.
* * * LOW HITPOINT WARNING * * *
You block the seven-headed hydra's attack.
The seven-headed hydra bites you.
* * * LOW HITPOINT WARNING * * *
The seven-headed hydra barely misses you.
You puncture the seven-headed hydra!
The seven-headed hydra is almost dead.
A wolf comes into view.
You block the seven-headed hydra's attack.
The seven-headed hydra bites you but does no damage.
The seven-headed hydra bites you.
* * * LOW HITPOINT WARNING * * *
The seven-headed hydra bites you!
* * * LOW HITPOINT WARNING * * *
The seven-headed hydra barely misses you.
The seven-headed hydra closely misses you.
The seven-headed hydra bites you but does no damage.
Your shield prevents you from hitting the seven-headed hydra.
The seven-headed hydra is almost dead.
A wolf comes into view.
The seven-headed hydra closely misses you.
You block the seven-headed hydra's attack.
The seven-headed hydra bites you!
You die...
Your body crumbles into a pile of gold.

.# #.# ... .....h.$ .F##
.... b......
##...........## ...h...
##..#.......... .......
#..##.........##.....P.P
....#..#.....#..#.......
#...............(.......
#.#..#.#........@D...#
#.#.##......####.#.#....
#................# # #
#....#.....P#####..#
#.##.#.#.#.## #.#
#.###....#.# ..#
.......#.#.. .#
.........#.## ##
#........#..


You could see a seven-headed hydra and 2 wolves.

Vanquished Creatures
  Erica (D:8)
  A two-headed ogre (D:10)
  The ghost of infamovsego the Geomancer, a novice GrEE of Hepliaklqana (D:7)
  Pikel (D:6)
  2 orc knights
  An efreet (D:9)
  A komodo dragon (Lair:1)
  2 trolls (D:7)
  5 blink frogs (Lair:1)
  4 hippogriffs
  A vampire (D:9)
  4 yaks (D:10)
  2 hungry ghosts
  2 wargs (D:8)
  A water moccasin (D:9)
  A porcupine (Lair:1)
  3 orc warriors
  5 ice beasts
  4 sky beasts
  4 ogres
  A phantom (D:6)
  8 centaurs
  3 bullfrogs
  A big kobold (D:7)
  A gnoll sergeant (D:9)
  A water moccasin skeleton (D:7)
  2 scorpions
  8 wights (D:9)
  7 howler monkeys
  4 crimson imps
  3 hounds
  A quasit (D:8)
  4 orc priests
  An iron imp (D:5)
  15 orc wizards
  5 centaur skeletons
  5 worker ants
  Ijyb (D:5)
  Terence (D:2)
  5 iguanas
  A killer bee zombie (D:4)
  A hound zombie (D:9)
  A hound skeleton (D:7)
  10 gnolls
  14 adders
  A hound simulacrum (D:7)
  A shadow imp (D:5)
  3 white imps (D:7)
  A howler monkey simulacrum (D:7)
  An ooze (D:4)
  4 worms
  A dart slug (D:1)
  3 leopard geckos
  40 orcs
  2 giant cockroaches
  6 goblins
  4 hobgoblins
  2 quokkas (D:5)
  2 ball pythons
  2 frilled lizards
  A goblin skeleton (D:5)
  2 goblin zombies (D:5)
  4 hobgoblin zombies (D:5)
  20 kobolds
  2 kobold skeletons (D:5)
  A kobold zombie (D:5)
  A leopard gecko skeleton (D:4)
  An orc skeleton (D:5)
  An orc zombie (D:5)
  A quokka zombie (D:6)
  7 rats
264 creatures vanquished.

Vanquished Creatures (others)
  A scorpion (D:6)
1 creature vanquished.

Grand Total: 265 creatures vanquished

Notes
Turn   | Place    | Note
-------+----------+-------------------------------------------
     0 | D:1      | MisterOstroum the Skeleton Archaeologist began the quest
                  | for the Orb.
     0 | D:1      | Reached XP level 1. HP: 12/12 MP: 1/1
   471 | D:1      | Reached XP level 2. HP: 16/16 MP: 2/2
  2119 | D:2      | Reached XP level 3. HP: 7/21 MP: 3/3
  2476 | D:2      | Noticed Terence
  2512 | D:2      | Killed Terence
  2512 | D:2      | Reached skill level 1 in Short Blades
  2748 | D:2      | Found a basalt altar of Yredelemnul.
  2753 | D:2      | Noticed a profane servitor
  2840 | D:2      | Found a glowing golden altar of the Shining One.
  2944 | D:2      | Found a burning altar of Makhleb.
  2944 | D:2      | Found an opulent altar of Gozag.
  3025 | D:2      | Became a worshipper of Gozag Ym Sagoz the Greedy
  3321 | D:2      | Noticed an angel
  3387 | D:3      | Reached XP level 4. HP: 22/27 MP: 4/4
  3693 | D:3      | Found a hazy altar of Hepliaklqana.
  4699 | D:4      | Reached skill level 1 in Armour
  4699 | D:4      | Reached XP level 5. HP: 23/32 MP: 5/5
  4699 | D:4      | Identified a scroll of acquirement
  5215 | D:4      | Noticed an ogre
  5231 | D:4      | Killed an ogre
  5231 | D:4      | Gained mutation: You regenerate a little health from kills.
                  | [Skeleton growth]
  5231 | D:4      | Reached XP level 6. HP: 11/37 MP: 4/6
  5448 | D:4      | Got a polished trident
  5449 | D:4      | Identified the +6 trident "Maga" {pierce, rPois rN+} (You
                  | found it on level 4 of the Dungeon)
  5782 | D:5      | Entered Level 5 of the Dungeon
  5787 | D:5      | Reached skill level 1 in Polearms
  5813 | D:5      | Reached skill level 5 in Stealth
  5813 | D:5      | Reached XP level 7. HP: 33/43 MP: 7/7
  6098 | D:3      | Found a hazy altar of Hepliaklqana.
  6538 | D:5      | Found an iron altar of Okawaru.
  6539 | D:5      | Found a snail-covered altar of Cheibriados.
  7178 | D:5      | Reached skill level 5 in Fighting
  7259 | D:5      | Noticed Ijyb
  7263 | D:5      | Reached XP level 8. HP: 46/49 MP: 8/8
  7276 | D:5      | Killed Ijyb
  7276 | D:5      | Reached skill level 1 in Shields
  7326 | D:5      | Found a glowing golden altar of the Shining One.
  7490 | D:5      | Found Nifeaz's Armour Emporium.
  7588 | D:5      | Noticed a moth of wrath
  7591 | D:5      | Found a bloodstained altar of Trog.
  7956 | D:6      | Reached skill level 5 in Polearms
  7956 | D:6      | Reached skill level 5 in Dodging
  7987 | D:6      | Noticed Pikel
  8006 | D:6      | Killed Pikel
  8100 | D:6      | Identified the +1 scale mail "Koareicw" {rF+}
  8103 | D:6      | Found a transporter.
  8105 | D:6      | Noticed a hippogriff
  8127 | D:6      | Killed a hippogriff
  8127 | D:6      | Reached XP level 9. HP: 54/55 MP: 9/9
  8145 | D:6      | Noticed HoboStank's ghost (novice OgEE)
  8219 | D:6      | Found a transporter.
  8463 | D:6      | Reached skill level 5 in Armour
  8700 | D:7      | Found a runed translucent gate.
  8701 | D:7      | Found a runed translucent gate.
  8701 | D:7      | Found a runed translucent gate.
  8728 | D:7      | Noticed infamovsego's ghost (novice GrEE)
  8747 | D:7      | Noticed a troll
  8827 | D:7      | Killed a troll
  8860 | D:7      | Found a staircase to the Ecumenical Temple.
  9052 | D:7      | Gained mutation: Your movements are less encumbered by
                  | armour. (ER -4) [Skeleton growth]
  9052 | D:7      | Reached XP level 10. HP: 28/64 MP: 8/10
  9320 | D:7      | Got a crystal hand axe
 10092 | D:7      | Killed infamovsego's ghost
 10092 | D:7      | Reached skill level 1 in Evocations
 10134 | D:7      | Got the ring "Reakk" {Fire}
 10142 | D:7      | Identified the ring "Reakk" {Fire *Drain rPois Int+3
                  | Slay+2} (You found it on level 7 of the Dungeon)
 10403 | D:8      | Found a staircase to the Lair.
 10438 | D:8      | Reached skill level 5 in Shields
 10463 | D:8      | Noticed Erica
 10467 | D:8      | Noticed an orc knight
 10492 | D:8      | Killed an orc knight
 10492 | D:8      | Reached skill level 10 in Polearms
 10503 | D:8      | Killed Erica
 10964 | D:9      | Reached XP level 11. HP: 57/71 MP: 14/14
 11176 | D:9      | Found a hide-covered altar of Uskayaw.
 11370 | D:10     | Entered Level 10 of the Dungeon
 11375 | D:10     | Noticed a two-headed ogre
 11387 | D:10     | Killed a two-headed ogre
 11452 | D:10     | Reached skill level 10 in Fighting
 11458 | D:10     | Reached skill level 5 in Evocations
 11581 | D:10     | Noticed an orc knight
 11608 | D:10     | Killed an orc knight
 11688 | D:10     | Noticed a purple ugly thing
 11776 | Lair:1   | Entered Level 1 of the Lair of Beasts
 11920 | Lair:1   | Reached skill level 10 in Shields
 12020 | Lair:1   | Noticed a seven-headed hydra
 12032 | Lair:1   | HP: 1/72 [seven-headed hydra (6)]
 12033 | Lair:1   | Mangled by a seven-headed hydra

Skill      XL: |  1  2  3  4  5  6  7  8  9 10 11 |
---------------+----------------------------------+-----
Maces & Flails | 2 |  2.0
Fighting       | 2 3 4 5 6 7 9 10 | 10.0
Short Blades   | 1 2 3 |  3.5
Stealth        | 4 5 |  5.0
Armour         | 1 2 3 4 5 6 |  6.0
Polearms       | 2 4 6 8 10 | 10.0
Dodging        | 4 5 6 |  6.0
Shields        | 3 4 5 10 | 10.0
Evocations     | 4 5 |  5.0

Action                   |  1- 3 |  4- 6 |  7- 9 | 10-12 || total
-------------------------+-------+-------+-------+-------++-------
Melee: Whip              |   157 |       |       |       ||   157
       Dagger            |     2 |       |       |       ||     2
       Short sword       |    62 |   207 |       |       ||   269
       Trident           |       |    29 |   308 |   402 ||   739
 Fire: Hunting sling     |     4 |       |       |       ||     4
Throw: Stone             |       |     1 |     2 |       ||     3
Invok: Potion Petition   |       |     2 |     1 |     1 ||     4
Evoke: Wand              |       |       |       |     5 ||     5
  Use: Scroll            |       |       |       |    10 ||    10
 Stab: Sleeping          |     6 |     2 |     8 |     3 ||    19
       Distracted        |       |       |     3 |     5 ||     8
Armor: Robe              |    46 |       |       |       ||    46
       Ring mail         |    15 |    83 |    34 |       ||   132
       Leather armour    |       |       |    44 |    13 ||    57
       Scale mail        |       |       |       |    93 ||    93
Dodge: Dodged            |   128 |   109 |   138 |   123 ||   498
Block: Buckler           |       |       |    25 |    52 ||    77
       Large shield      |       |       |       |    20 ||    20
